[Event "*** Titled Tuesday Blitz"]
[Site "Chess.com"]
[Date "2021.03.09"]
[Round "8"]
[White "UmarovSabir"]
[Black "Zmeeed63"]
[Result "0-1"]
[WhiteElo "2288"]
[BlackElo "2458"]
[TimeControl "180+1"]
[EndTime "11:31:51 PST"]
[Termination "Zmeeed63 won by resignation"]

1. e4 Nc6 2. d4 d5 3. e5 Bf5 4.
Nf3 e6 5. Bd3 Nge7 6. O-O f6 7.
Re1 Qd7 8. c4 Bxd3 9. Qxd3 dxc4 10. Qxc4 f5 11. Nc3 h6 12. b4 O-O-O 13. Be3 Nd5 14. a3 f4 15. Bd2 g5 16. h3 Be7 17.
Rac1 Nb6 18. Qb3 Nxd4 19. Nxd4 Qxd4 20. Qxe6+ Qd7 21. Qxd7+ Rxd7 22. Re2 Rd3 23. Ne4 Rhd8 24. f3 Na4 25. Be1 Rxa3 26. Rec2 c6 27. b5 c5 28. Bf2 b6 29. h4 Rd5 30. hxg5 hxg5 31. e6 Re5 32. Rd1 Rxe6 33. Rd5 Ra1+ 34. Be1 Rxe1+ 35. Kf2 R1xe4 36. fxe4 Rxe4 37. Re2 Rxe2+ 38. Kxe2 Nc3+ 0-1

[Event "*** Titled Tuesday Blitz"]
[Site "Chess.com"]
[Date "2021.03.09"]
[Round "8"]
[White "Jan1401"]
[Black "MillyNeuf"]
[Result "1-0"]
[WhiteElo "2418"]
[BlackElo "2283"]
[TimeControl "180+1"]
[EndTime "11:31:51 PST"]
[Termination "Jan1401 won on time"]

1. e4 e5 2. f4 exf4 3. Bc4 Qh4+ 4. Kf1 d5 5. Bxd5 c6 6. Bb3 Bg4 7. Nf3 Qh5 8. d4 g5 9. Kg1 Bxf3 10. Qxf3 Qxf3 11.
gxf3 c5 12. h4 f6 13. hxg5 fxg5 14. Bxg8 Rxg8 15. Rxh7 Nd7 16. d5 O-O-O 17. Nc3 Ne5 18. Kf2 Bd6 19. b3 Rdf8 20. Nb5 Bb8 21. Bb2 g4 22. d6 Nxf3 23. e5 Ng5 24. Re7 Ne4+ 25. Kg1 f3 26. Rd1 f2+ 27. Kg2 Nd2 28. d7+ Kd8 29.
Re8+ Rxe8 30. dxe8=Q+ Kxe8 31. Rxd2 g3 32. Nc3 Rf8 33.
Rd1 Bxe5 34. Na4 Bxb2 35. Nxb2 b6 36. Nd3 Ke7 37. Ne5 Ke6 38. Nf3 a5 39. Kxg3 1-0

[Event "*** Titled Tuesday Blitz"]
[Site "Chess.com"]
[Date "2021.03.09"]
[Round "8"]
[White "Vaathi_Coming"]
[Black "Fighter008"]
[Result "1-0"]
[WhiteElo "2797"]
[BlackElo "2619"]
[TimeControl "180+1"]
[EndTime "11:31:52 PST"]
[Termination "Vaathi_Coming won by checkmate"]

1. Nf3 Nf6 2. b3 g6 3. Bb2 Bg7 4. g3 O-O 5. Bg2 d6 6. d4 e5 7.
dxe5 Nfd7 8. O-O Nc6 9. c4 dxe5 10. Nfd2 a5 11. Nc3 Nd4 12. e3 Ne6 13. Qe2 c6 14.
Nde4 Qe7 15. Rfd1 f5 16. Nd6 e4 17. Na4 Rb8 18. Bxg7 Qxg7 19. Qd2 Ne5 20. Qxa5 Bd7 21.
Nb6 Nd3 22. Bf1 Ne5 23. Nxd7 Nxd7 24. Kg2 Ne5 25. Qc3 Ng5 26. c5 Ngf3 27. Be2 Qh6 28. Rh1 Rbd8 29. h4 Rd7 30. Rad1 Rfd8 31. b4 Qg7 32. Kf1 Qe7 33. Bxf3 Nxf3 34. Qc4+ Kg7 35. Qc3+ Kg8 36. h5 g5 37. h6 Qe6 38. Kg2 b5 39. cxb6 Rxd6 40. Qg7# 1-0

[Event "*** Titled Tuesday Blitz"]
[Site "Chess.com"]
[Date "2021.03.09"]
[Round "8"]
[White "allvim"]
[Black "profofchess"]
[Result "0-1"]
[WhiteElo "2356"]
[BlackElo "2489"]
[TimeControl "180+1"]
[EndTime "11:31:52 PST"]
[Termination "profofchess won on time"]

1. e4 e6 2. d4 d5 3. Nd2 e5 4. dxe5 dxe4 5. Nxe4 Qxd1+ 6. Kxd1 Nc6 7. Bb5 Bd7 8. Nf3 Nxe5 9. Bxd7+ Nxd7 10. Bf4 O-O-O 11. Ke2 f6 12. Rad1 Ne7 13. Rd3 Ng6 14. Bg3 Re8 15.
Re3 f5 16. Nc3 Bc5 17. Rxe8+ Rxe8+ 18. Kd1 f4 19. Bh4 Nxh4 20. Nxh4 Bxf2 21. Nf3 Nf6 22. h3 Be3 23. Re1 Rd8+ 24. Ke2 Nh5 25. Ne4 Rd4 26. Nfd2 Ng3+ 27. Nxg3 Rxd2+ 28. Kf3 Rf2+ 29. Ke4 Rxc2 30. Nf5 Rxb2 31. Rd1 Rd2 32. Re1 Rxa2 33. Nxg7 Rxg2 34. Nf5 b6 35. Rd1 a5 36. Rb1 Kb7 37. Kf3 Rf2+ 38. Ke4 Ra2 39. Kd5 a4 40. Ne7 Rc2 41. Ke6 a3 0-1

[Event "*** Titled Tuesday Blitz"]
[Site "Chess.com"]
[Date "2021.03.09"]
[Round "8"]
[White "Lion-Al-Messi"]
[Black "BeanScreen"]
[Result "1-0"]
[WhiteElo "2498"]
[BlackElo "2657"]
[TimeControl "180+1"]
[EndTime "11:31:53 PST"]
[Termination "Lion-Al-Messi won by checkmate"]

1. e4 e5 2. Nf3 Nc6 3. Bb5 a6 4. Ba4 d6 5. O-O Nf6 6. d4 b5 7.
Bb3 Nxd4 8. Nxd4 exd4 9. Bg5 Bb7 10. Re1 Be7 11. a4 c5 12. axb5 axb5 13. Rxa8 Bxa8 14. c3 dxc3 15. Nxc3 O-O 16. Nxb5 Bc6 17. Nc3 h6 18. Bh4 Qb6 19. h3 Rb8 20. Bd5 Nxd5 21. Nxd5 Bxd5 22. Bxe7 Be6 23. Qxd6 Qxb2 24. Qxc5 Rc8 25. Qe3 Rc3 26. Qd4 Rc2 27. Qd8+ Kh7 28. Bh4 Qb4 29. Qd1 Bb3 30. Qb1 Qc3 31. Kh2 Ba2 32. Qd1 Bb3 33.
Qa1 Qc4 34. Qe5 Qe6 35. Qd4 Rc4 36. Qd3 Bc2 37. Qd2 Rxe4 38. Qxc2 f5 39. Rxe4 fxe4 40. f3 Qd6+ 41. Bg3 Qd3 42. Qxd3 exd3 43. Bf4 Kg6 44. Bd2 Kf5 45. g4+ Ke5 46. Kg3 Kd4 47. Kf2 g6 48. Bxh6 Kc3 49. h4 Kc2 50. h5 g5 51.
Bxg5 Kd1 52. h6 Kc2 53. h7 Kd1 54. h8=Q d2 55. Qa1+ Kc2 56. Qa2+ Kc1 57. Qxd2+ Kb1 58. Ke2 Ka1 59. Bf6+ Kb1 60. Qb2# 1-0

[Event "*** Titled Tuesday Blitz"]
[Site "Chess.com"]
[Date "2021.03.09"]
[Round "8"]
[White "konradrutkowski"]
[Black "StockholmMissile"]
[Result "0-1"]
[WhiteElo "2410"]
[BlackElo "2574"]
[TimeControl "180+1"]
[EndTime "11:31:53 PST"]
[Termination "StockholmMissile won on time"]

1. d4 d5 2. Nf3 Nf6 3. e3 c5 4.
Bd3 Nc6 5. O-O Bg4 6. c3 e6 7.
Nbd2 Be7 8. dxc5 Bxc5 9. Qc2 O-O 10. e4 dxe4 11. Nxe4 Nxe4 12. Bxe4 h6 13. h3 Bxf3 14. Bxf3 Qc7 15. Qe4 Rab8 16. Bf4 e5 17. Bg3 Rbe8 18. h4 Bb6 19. Bg4 g6 20. Qc4 Kg7 21. Rad1 f5 22. Bh3 Qf7 23. Qb5 Re7 24. Rd5 f4 25. Bh2 e4 26. c4 Nd4 27. Qb4 Ne2+ 28. Kh1 f3 29. c5 Bc7 30. Bd6 Bxd6 31. cxd6 fxg2+ 32. Bxg2 Re6 33. Qd2 Nf4 34. Qd4+ Kh7 35. Re5 Qf6 36. Rxe4 Qxh4+ 37. Kg1 Ne2+ 38. Rxe2 Qxd4 39. Rxe6 Rf7 40.
Re7 Rxe7 41. dxe7 Qe5 42. Bxb7 Qxe7 43. Bg2 Qe2 44. Rc1 a5 45. Rc7+ Kh8 46. Rb7 h5 47. a3 g5 48. b4 a4 0-1

[Event "*** Titled Tuesday Blitz"]
[Site "Chess.com"]
[Date "2021.03.09"]
[Round "8"]
[White "FMOlexandrProhorov"]
[Black "akhairat"]
[Result "1-0"]
[WhiteElo "2110"]
[BlackElo "2266"]
[TimeControl "180+1"]
[EndTime "11:31:53 PST"]
[Termination "FMOlexandrProhorov won on time"]

1. Nf3 g5 2. Nxg5 e5 3. d3 Be7 4.
Nf3 Nc6 5. e4 f5 6. Nc3 Nf6 7.
Bg5 d6 8. Qd2 O-O 9. O-O-O Kh8 10.
h3 Be6 11. Bh6 Rg8 12. Ng5 Qd7 13. Nxe6 Qxe6 14. exf5 Qxf5 15. g4 Qe6 16. Bg2 Nd4 17. Rde1 c6 18. f4 Nd7 19. fxe5 dxe5 20. Kb1 a5 21.
Qf2 Qxh6 22. Qf7 Qf6 23. Qh5 Qg6 24. Qxg6 Rxg6 25. Be4 Rf6 26. Nd1 Raf8 27. Ne3 Nc5 28. Bf5 Nxf5 29. Nxf5 Bd8 30. Rhg1 Bc7 31. a3 h5 32. b4 axb4 33. axb4 Na4 34. Kc1 Nc3 35. Kd2 Nd5 36. c3 Nf4 37. Rg3 Kh7 38. Ne3 hxg4 39. Nxg4 Rg6 40. Rf3 Kg7 41. Nf2 Rg2 42. Kd1 Rf7 43.
Ng4 Nxh3 44. Rxh3 Rxg4 45. Reh1 Rg2 46. Rh7+ Kf8 47. Rxf7+ Kxf7 48. Rh7+ 1-0

[Event "*** Titled Tuesday Blitz"]
[Site "Chess.com"]
[Date "2021.03.09"]
[Round "8"]
[White "Kurkusha"]
[Black "Ekose"]
[Result "1-0"]
[WhiteElo "2381"]
[BlackElo "2512"]
[TimeControl "180+1"]
[EndTime "11:31:55 PST"]
[Termination "Kurkusha won on time"]

1. Nf3 Nf6 2. c4 e6 3. Nc3 d5 4.
e3 Be7 5. b3 O-O 6. Bb2 b6 7.
cxd5 exd5 8. h4 Bg4 9. Qb1 Bxf3 10. gxf3 c5 11. Bd3 Nc6 12. Ne2 Nb4 13. Bf5 g6 14.
Rg1 Re8 15. a3 Nc6 16. Nf4 d4 17. h5 Ne5 18. hxg6 fxg6 19. Ke2 Kf7 20. Bxg6+ hxg6 21. Nxg6 Nxg6 22. Qxg6+ Ke6 23. f4 Rg8 24. f5+ Kd7 25.
Qf7 Rxg1 26. Rxg1 Kc6 27. Rg7 Bd6 28. Qb7+ Kb5 29. exd4 cxd4 30. Kd3 Bc5 31. b4 Bxb4 32. axb4 Kxb4 33. Qc6 Qc8 34. Qxf6 Qc4+ 35. Ke4 d3+ 36. Bd4 Kb3 37. Re7 Rg8 38. Qe6 Rg4+ 39. f4 1-0

[Event "*** Titled Tuesday Blitz"]
[Site "Chess.com"]
[Date "2021.03.09"]
[Round "8"]
[White "Firouzja2003"]
[Black "howitzer14"]
[Result "1-0"]
[WhiteElo "3152"]
[BlackElo "3037"]
[TimeControl "180+1"]
[EndTime "11:31:56 PST"]
[Termination "Firouzja2003 won by resignation"]

1. e4 e5 2. Nf3 Nc6 3. Bb5 Nge7 4. Nc3 g6 5. h4 h6 6. d4 exd4 7. Nxd4 Bg7 8. Be3 a6 9. Bc4 b5 10. Bb3 Na5 11. Qf3 O-O 12. h5 g5 13. O-O-O d6 14. Nf5 Nxb3+ 15. axb3 Nxf5 16. exf5 Bd7 17. Bd4 Bxd4 18.
Rxd4 Qf6 19. Rd2 Qxf5 20. Qxf5 Bxf5 21. Nd5 Kg7 22. Nxc7 Rac8 23. Nd5 Rfe8 24. Ne3 Bh7 25. Rhd1 a5 26. Re2 Re6 27. Rd5 Rc5 28. Red2 f5 29. Rxc5 dxc5 30. Rd7+ Kh8 31. Kd2 f4 32. Nd5 b4 33. f3 Bf5 34. Rd8+ Kg7 35. c4 bxc3+ 36. bxc3 a4 37. Rd7+ Kh8 38. bxa4 Ra6 39. Rf7 Be6 40. Rf6 Kg7 41. c4 Rb6 1-0

[Event "*** Titled Tuesday Blitz"]
[Site "Chess.com"]
[Date "2021.03.09"]
[Round "8"]
[White "GOGIEFF"]
[Black "amintabatabaei"]
[Result "1-0"]
[WhiteElo "2896"]
[BlackElo "3003"]
[TimeControl "180+1"]
[EndTime "11:31:58 PST"]
[Termination "GOGIEFF won by resignation"]

1. d4 d5 2. Bf4 Nf6 3. e3 e6 4. Nf3 Bd6 5. Bd3 O-O 6. O-O b6 7.
Ne5 c5 8. Nd2 c4 9. Be2 Qc7 10.
Bg3 Nbd7 11. f4 Bb7 12. c3 b5 13. Bh4 a5 14. Rf3 b4 15. Rg3 g6 16. Bg5 a4 17. a3 bxc3 18. bxc3 Rfb8 19. h4 Bc6 20. h5 Rb2 21. hxg6 hxg6 22. e4 Rxd2 23. Qxd2 Nxe4 24. Qe1 Nxg3 25. Qxg3 Bf8 26. Qh4 Bg7 27. Ng4 Rb8 28. Kf2 f5 29. Nh6+ Kf8 30. Rh1 Qa5 31. Be7+ Ke8 32. Qg5 Qxc3 33. Qxg6+ Kxe7 34. Qxg7+ Kd6 35. Nf7+ Kc7 36. Ng5 Rb2 37. Nxe6+ Kb6 38. Rh8 Qd2 39. Rb8+ Ka5 40. Rxb2 Qxb2 41. Qe7 Qb8 42.
g3 c3 43. Nc5 Qb7 44. Nxb7+ 1-0

[Event "*** Titled Tuesday Blitz"]
[Site "Chess.com"]
[Date "2021.03.09"]
[Round "8"]
[White "beautroll"]
[Black "albi1999"]
[Result "0-1"]
[WhiteElo "2441"]
[BlackElo "2592"]
[TimeControl "180+1"]
[EndTime "11:31:58 PST"]
[Termination "albi1999 won by resignation"]

1. e4 e5 2. Nf3 Nc6 3. Bb5 a6 4. Ba4 d6 5. d4 b5 6. Bb3 Nxd4 7. Nxd4 exd4 8. Bd5 Rb8 9. Qxd4 Nf6 10. O-O Be7 11. a4 O-O 12. axb5 axb5 13. b4 c5 14. Qb2 Nxd5 15. exd5 Bf6 16. c3 Bf5 17. Rd1 Qc7 18. Be3 Rfe8 19. bxc5 dxc5 20. d6 Qc6 21. Qe2 Bxb1 22.
Raxb1 Bxc3 23. Qg4 Re6 24. d7 Rd8 25. Qg5 Rxd7 26.
Rxd7 Qxd7 27. Qxc5 b4 28. h4 h6 29. Qc4 Qe7 30.
g3 Re4 31. Qc8+ Kh7 32. Kh2 h5 33. Qf5+ g6 34. Qd5 Qe6 35. Qg5 Re5 36. Qh6+ Kg8 37. Qf4 Qf5 38. Qh6 Qxb1 39. Qf4 Qf5 40. Qc4 Rxe3 41.
fxe3 Qf2+ 42. Kh3 Qxe3 43. Qc8+ Kg7 44. Qc7 Be5 0-1

[Event "*** Titled Tuesday Blitz"]
[Site "Chess.com"]
[Date "2021.03.09"]
[Round "8"]
[White "KingCyber19"]
[Black "muchojogo"]
[Result "0-1"]
[WhiteElo "2480"]
[BlackElo "2384"]
[TimeControl "180+1"]
[EndTime "11:31:59 PST"]
[Termination "muchojogo won on time"]

1. d4 Nf6 2. c4 c5 3. d5 b5 4.
cxb5 a6 5. e3 axb5 6. Bxb5 Qa5+ 7. Nc3 Bb7 8. Bd2 Qb6 9. a4 Nxd5 10. Nxd5 Bxd5 11. Nf3 e6 12. Bc3 Be7 13. O-O Qb7 14.
Qe2 O-O 15. Rfe1 Bc6 16. e4 d6 17. Nd2 Nd7 18. Qg4 Bf6 19. Nc4 Qc7 20. e5 Nxe5 21. Bxe5 dxe5 22. Rac1 Bd5 23. Ne3 e4 24. b4 Bd4 25.
bxc5 Bxc5 26. Qh5 Rfd8 27. Red1 Qb6 28. Nxd5 exd5 29. Rxd5 Bxf2+ 30. Kh1 e3 31. Qf5 Rxd5 32. Qxd5 Rf8 33. Qe4 Qh6 34. Be2 Bg3 35. h3 Bf4 36. Qf3 Qd6 37. a5 g6 38. a6 Qd2 39. Rd1 Qb4 40. a7 Qa4 41. g3 Bh6 42. Qb7 Qa2 43. Qf3 Qa5 44. Rf1 Bg7 0-1

[Event "*** Titled Tuesday Blitz"]
[Site "Chess.com"]
[Date "2021.03.09"]
[Round "8"]
[White "dosto07"]
[Black "Fiona"]
[Result "0-1"]
[WhiteElo "2301"]
[BlackElo "2210"]
[TimeControl "180+1"]
[EndTime "11:31:59 PST"]
[Termination "Fiona won on time"]

1. e4 e5 2. Nf3 Nc6 3. Bb5 a6 4.
Ba4 d6 5. Bxc6+ bxc6 6. d4 exd4 7. Nxd4 Bd7 8. Nc3 Be7 9. O-O Nf6 10. Qf3 O-O 11. Nf5 Bxf5 12. Qxf5 Qd7 13. Qxd7 Nxd7 14. b3 Bf6 15. Bb2 Rfe8 16. Rfe1 Bd4 17. Rad1 Ba7 18. g3 Ne5 19. Kg2 Ng4 20. Rd2 Re7 21. Rde2 Rae8 22.
f3 Nf6 23. Nd1 Nd7 24. Kf1 h5 25. Bc1 f6 26. Be3 Bxe3 27. Nxe3 Ne5 28. Kf2 a5 29. h3 g6 30. f4 Nd7 31. Nc4 a4 32.
bxa4 Ra8 33. a5 d5 34. exd5 Rxe2+ 35. Rxe2 cxd5 36. Re7 Nc5 37. Ne3 Ne4+ 38. Kf3 Nd2+ 39. Ke2 Ne4 40. Nxd5 Nxg3+ 41. Kf3 Nf5 42. Nxf6+ Kf8 43.
Re5 Kf7 44. Nd7 Nd4+ 45. Ke4 Ne6 0-1

[Event "*** Titled Tuesday Blitz"]
[Site "Chess.com"]
[Date "2021.03.09"]
[Round "8"]
[White "DrCeltic"]
[Black "Harry_Rakkel"]
[Result "0-1"]
[WhiteElo "2476"]
[BlackElo "2636"]
[TimeControl "180+1"]
[EndTime "11:32:00 PST"]
[Termination "Harry_Rakkel won on time"]

1. e4 c5 2. Nf3 e6 3. d4 cxd4 4.
Nxd4 Nc6 5. Nc3 Qc7 6. Nb3 a6 7. Bd3 b5 8. f4 d6 9. Qf3 Nf6 10. Be3 Be7 11. g4 O-O 12. g5 Nd7 13. O-O-O b4 14.
Ne2 a5 15. Kb1 a4 16. Nbd4 Nxd4 17. Nxd4 a3 18. Nb5 Qc6 19. Nd4 Qc7 20. Nb5 Qb8 21.
b3 Ra5 22. Nd4 Bb7 23. h4 Qc7 24. Ne2 Rc8 25. h5 Ba6 26. Bd4 e5 27. fxe5 dxe5 28. Ba1 Bxg5 29. h6 Nc5 30. Bxa6 Rxa6 31. hxg7 Rf6 32.
Qg3 Nxe4 33. Qd3 Qc6 34. Ng3 Nd2+ 35. Rxd2 Qxh1+ 36. Nxh1 Bxd2 37. Bxe5 Rg6 38. Ng3 Bc3 39. Bf4 Re6 40. Bd2 Rce8 41. Nf5 Re1+ 0-1

[Event "*** Titled Tuesday Blitz"]
[Site "Chess.com"]
[Date "2021.03.09"]
[Round "8"]
[White "mariofs"]
[Black "Pantata007"]
[Result "1-0"]
[WhiteElo "2200"]
[BlackElo "2282"]
[TimeControl "180+1"]
[EndTime "11:32:00 PST"]
[Termination "mariofs won on time"]

1. d4 d5 2. c4 c6 3. Nf3 Nf6 4. cxd5 cxd5 5. Nc3 Nc6 6. Bf4 Bf5 7. e3 e6 8. Bb5 Nd7 9. O-O Be7 10. a3 Rc8 11.
Rc1 g5 12. Bg3 h5 13. h4 gxh4 14. Bf4 Rg8 15. b4 h3 16. g3 h4 17. Bxc6 Rxc6 18. Nb5 hxg3 19. fxg3 Qb6 20. Qa4 a6 21. Nc7+ Kd8 22.
Rxc6 bxc6 23. Qxa6 Qxa6 24. Nxa6 Bd3 25. Nc5 Bxf1 26.
Kxf1 Bxc5 27. bxc5 f6 28. a4 Kc8 29. Kg1 Kb7 30. Kh2 Ra8 31. Kxh3 Rxa4 32. g4 Ra8 33. g5 fxg5 34. Nxg5 Re8 35. Nf7 Ka6 36. Nd6 Rh8+ 37. Kg2 Ka5 38. Kf3 Kb4 39. e4 Kc3 40. exd5 exd5 41.
Nf5 Rf8 42. Ne7 Rf6 43. Ke3 Kc4 44. Nc8 Re6+ 45. Be5 Nxe5 46. Nb6+ 1-0

[Event "*** Titled Tuesday Blitz"]
[Site "Chess.com"]
[Date "2021.03.09"]
[Round "8"]
[White "InitiatingASC"]
[Black "Grineva_Marianna"]
[Result "1-0"]
[WhiteElo "2420"]
[BlackElo "2279"]
[TimeControl "180+1"]
[EndTime "11:32:01 PST"]
[Termination "InitiatingASC won on time"]

1. Nf3 d6 2. b3 c6 3. Bb2 Nd7 4. e3 Ngf6 5. c4 g6 6. Be2 Bg7 7. O-O O-O 8. d3 e5 9. Nbd2 Qc7 10. a3 Ne8 11. Rc1 f5 12. Qc2 Nef6 13. b4 b6 14. Rfd1 Bb7 15. Nb3 c5 16. Ng5 Rae8 17. Bf3 h6 18. Bxb7 Qxb7 19. Nf3 Rf7 20. Nfd2 g5 21. Nf1 f4 22. d4 Ng4 23. dxc5 dxc5 24. exf4 gxf4 25.
Qg6 Ngf6 26. Rd6 cxb4 27. axb4 Ne4 28. Rxd7 Rxd7 29. Qxe8+ Kh7 30. c5 bxc5 31. Nxc5 Nxc5 32. Rxc5 Re7 33. Qb5 Qe4 34. Qc4 Qg6 35. Qc2 e4 36. Rc7 f3 37. g3 Qe6 38. Bxg7 Kxg7 39. Rxe7+ Qxe7 40. Ne3 Qxb4 41. Qc7+ Kg6 42. Qxa7 Qe1+ 43. Nf1 h5 44. Qe3 Qe2 45. h4 Kf7 46. Qf4+ Ke6 47.
Qh6+ Kd5 48. Qxh5+ Kd4 49. Qg5 Kd3 50. Qe3+ Kc4 51. h5 Qd3 52. h6 1-0

[Event "*** Titled Tuesday Blitz"]
[Site "Chess.com"]
[Date "2021.03.09"]
[Round "8"]
[White "German_Bazeev"]
[Black "CSB7"]
[Result "1-0"]
[WhiteElo "2764"]
[BlackElo "2600"]
[TimeControl "180+1"]
[EndTime "11:32:02 PST"]
[Termination "German_Bazeev won by resignation"]

1. d4 Nf6 2. Nf3 g6 3. c4 Bg7 4.
Nc3 d5 5. cxd5 Nxd5 6. Qa4+ Nc6 7. e4 Nb6 8. Qc2 O-O 9. d5 Nd4 10. Nxd4 Bxd4 11. Bh6 Bg7 12. Bxg7 Kxg7 13. Rd1 Qd6 14. Be2 a6 15. O-O e5 16. a4 Bd7 17. a5 Nc8 18. Na4 Na7 19. Nc5 Rab8 20. f4 f6 21.
Qc3 Rfe8 22. fxe5 fxe5 23. Rf2 Nb5 24. Bxb5 Bxb5 25. Rc1 c6 26. Ne6+ Rxe6 27. dxe6 Qxe6 28. Rd1 Re8 29. h3 Qe7 30. b4 Qe6 31. Qc5 Qe7 32. Qxe7+ Rxe7 33. Rfd2 Kf6 34. Rd6+ Kf7 35. Rd7 Ba4 36.
Rxe7+ Kxe7 37. Rd2 Bb3 38. Kf2 h6 39. Ke3 Be6 40.
Rf2 Bg8 41. Kd3 Be6 42. Kc3 Bg8 43. Rf3 Be6 44. Rg3 Kf6 45. Rd3 Ke7 46. h4 Bf7 47. g4 Be8 48. g5 hxg5 49. hxg5 Bf7 50. Rf3 Ke8 51. Rh3 Bg8 52. Rh6 Kf7 53. Kc4 Kg7+ 54.
Kc5 Bb3 55. Rh3 Bc2 56. Re3 1-0

[Event "*** Titled Tuesday Blitz"]
[Site "Chess.com"]
[Date "2021.03.09"]
[Round "8"]
[White "Philosopherrr"]
[Black "Volodar_Murzin"]
[Result "1-0"]
[WhiteElo "2545"]
[BlackElo "2657"]
[TimeControl "180+1"]
[EndTime "11:32:02 PST"]
[Termination "Philosopherrr won on time"]

1. e4 c5 2. Nf3 d6 3. Bb5+ Nd7 4.
Ba4 Nf6 5. O-O e6 6. Re1 Be7 7. c3 O-O 8. Bc2 a6 9. d4 b5 10. Nbd2 Bb7 11. Nf1 Rc8 12. Ng3 Qc7 13. Bb1 a5 14. a4 b4 15. h3 Ba8 16. Bg5 h6 17.
Bd2 Rb8 18. d5 Kh8 19. c4 Rfe8 20. Qc1 Bf8 21. b3 Re7 22. Bf4 Rbe8 23. Bd3 Qb6 24. Qd2 Qb8 25. Qc2 Ne5 26. Nxe5 dxe5 27. Be3 Rc7 28.
Qd2 Rcc8 29. Rad1 Rcd8 30. Bb1 Qc7 31. Qe2 exd5 32. exd5 Nxd5 33. cxd5 Bxd5 34. Qc2 g6 35. Ne4 Qc6 36. f3 f5 37. Nxc5 Bg8 38. Rxd8 Rxd8 39.
Bf2 Rc8 40. Rxe5 Bd6 41. Bd4 Bxe5 42. Bxe5+ Kh7 43. Bd4 Qd5 44. Bf2 Re8 45. Qc1 Qe5 46. Bd3 Qc3 47. Qf1 Bxb3 48. Nxb3 Qxb3 49. Bb5 Re7 50. h4 Qc3 51. h5 b3 52. hxg6+ Kxg6 53. Qd1 b2 54. Qd6+ Kf7 55. Qd5+ 1-0

[Event "*** Titled Tuesday Blitz"]
[Site "Chess.com"]
[Date "2021.03.09"]
[Round "8"]
[White "starplatinum2030"]
[Black "PowerThinking2650"]
[Result "1-0"]
[WhiteElo "2229"]
[BlackElo "2412"]
[TimeControl "180+1"]
[EndTime "11:32:02 PST"]
[Termination "starplatinum2030 won on time"]

1. e4 e5 2. Nf3 Nc6 3. Bb5 a6 4.
Ba4 Nf6 5. O-O Be7 6. Re1 b5 7. Bb3 d6 8. c3 O-O 9. h3 Bb7 10. d4 Re8 11. Nbd2 Bf8 12. Bc2 Nb8 13. a4 Nbd7 14.
dxe5 dxe5 15. Nf1 Nc5 16. Qxd8 Raxd8 17. Bg5 Nd3 18. Bxd3 Rxd3 19. Bxf6 gxf6 20. Ng3 Bc5 21. axb5 axb5 22. Ra5 Bc6 23. Nh2 Rd2 24. Ng4 Red8 25. Nxf6+ Kg7 26. Ng4 Rxb2 27. Nf5+ Kh8 28. Nfe3 h5 29.
Nxe5 Be8 30. Ra6 Rdd2 31. Rf6 Kg7 32. Rf3 f6 33. Rg3+ Kf8 34. Rf3 Ke7 35. Nf5+ Ke6 36. Nd3 Rxd3 37. Rxd3 Bxf2+ 38. Kf1 Bxe1 39. Kxe1 c5 40.
Ne3 b4 41. cxb4 cxb4 42. Rd5 Ba4 43. Rxh5 Bb3 44. Rb5 Ba2 45. Nd5 1-0

[Event "*** Titled Tuesday Blitz"]
[Site "Chess.com"]
[Date "2021.03.09"]
[Round "8"]
[White "annacramling"]
[Black "HrvojeZagreb"]
[Result "0-1"]
[WhiteElo "2040"]
[BlackElo "2268"]
[TimeControl "180+1"]
[EndTime "11:32:02 PST"]
[Termination "HrvojeZagreb won by checkmate"]

1. d4 e6 2. c4 f5 3. Nc3 Nf6 4. e3 Bb4 5. Bd3 O-O 6. Qc2 b6 7. Bd2 Bb7 8. f3 c5 9. Nge2 d5 10. cxd5 Nxd5 11. O-O Nc6 12. dxc5 Bxc5 13. Nxd5 Qxd5 14.
Bc4 Qe5 15. Qb3 Na5 16. Bxa5 Qxe3+ 17. Kh1 Qxb3 18. axb3 bxa5 19. Bxe6+ Kh8 20. Rxa5 Bb6 21. Rxf5 Rxf5 22. Bxf5 Ba6 23. Re1 Re8 24. Be4 Bf2 25.
Rf1 Bd4 26. Rd1 Bxb2 27. Rd2 Bf6 28. Ng3 Rc8 29. Rd1 g6 30. h3 Be5 31. Nf1 Rc3 32.
Bd5 Bf4 33. Re1 Bd3 34. g3 Bd6 35. Ne3 Bb4 36. Rd1 Be2 37. Re1 Rxe3 38. Bc4 Bxe1 39. Bxe2 Rxe2 40. Kg1 Bxg3 41. f4 Rf2 42. h4 h5 43. b4 a6 44. b5 axb5 45. f5 gxf5 46. Kh1 b4 47. Kg1 b3 48. Kh1 b2 49. Kg1 b1=Q# 0-1

[Event "*** Titled Tuesday Blitz"]
[Site "Chess.com"]
[Date "2021.03.09"]
[Round "8"]
[White "hypert"]
[Black "GMKrikor"]
[Result "1-0"]
[WhiteElo "2520"]
[BlackElo "2692"]
[TimeControl "180+1"]
[EndTime "11:32:03 PST"]
[Termination "hypert won by resignation"]

1. e4 c5 2. Nf3 d6 3. d4 cxd4 4. Nxd4 Nf6 5. Nc3 a6 6. Be2 e5 7. Nb3 Be7 8. Be3 Be6 9. Nd5 Nbd7 10. Qd3 Bxd5 11. exd5 O-O 12. c4 Ne8 13. O-O Bg5 14. Nd2 Bxe3 15. fxe3 Rc8 16. Bg4 Nef6 17. Bxd7 Nxd7 18.
b4 g6 19. Kh1 f5 20. e4 f4 21. Rac1 Nf6 22. c5 Ng4 23. Nc4 dxc5 24. d6 Kg7 25. h3 Qh4 26. Qe2 h5 27. Nd2 Qg3 28. Nf3 cxb4 29.
Rc7+ Kh6 30. Rxc8 Rxc8 31. d7 Rd8 32. hxg4 hxg4 33. Nh2 Kg5 34. Rd1 Rh8 35. d8=Q+ Rxd8 36. Rxd8 Qh4 37. Qxg4+ Qxg4 38. Nxg4 Kxg4 39. Rf8 g5 40.
Kg1 Kg3 41. Kf1 a5 42. Rf5 g4 43. Rxe5 a4 44. Rb5 b3 45. axb3 a3 46. Ra5 f3 47. gxf3 Kxf3 48. e5 b6 49. Rxa3 g3 50. Kg1 g2 51. e6 b5 52. e7 b4 53. Ra4 Ke3 54. e8=Q+ Kd3 55. Qb5+ Kc3 56. Qxb4+ Kb2 57.
Qd4+ Kc2 58. Rc4+ Kb1 59. Qd2 1-0

[Event "*** Titled Tuesday Blitz"]
[Site "Chess.com"]
[Date "2021.03.09"]
[Round "8"]
[White "Ze-Pequeno"]
[Black "boasovietica"]
[Result "0-1"]
[WhiteElo "2265"]
[BlackElo "2441"]
[TimeControl "180+1"]
[EndTime "11:32:03 PST"]
[Termination "boasovietica won on time"]

1. e4 e5 2. Nf3 Nc6 3. Nc3 Nf6 4. d4 exd4 5. Nxd4 Bb4 6. Nxc6 bxc6 7. Bd3 d5 8. exd5 O-O 9. O-O cxd5 10. Bg5 c6 11.
Qf3 h6 12. Bf4 Bd6 13. h3 Rb8 14. b3 Qc7 15. Bxh6 Be5 16. Bd2 Rb4 17. Rae1 Rh4 18. Rxe5 Qxe5 19. Re1 Qh5 20. Qg3 Bxh3 21. gxh3 Rxh3 22.
Qg2 Ng4 23. Be2 f5 24. Bf4 Kf7 25. Bxg4 fxg4 26. Kf1 Rh1+ 27. Ke2 Re8+ 28. Be3 g3+ 29. Kd2 Rxe1 30. Kxe1 d4 31. Qxc6 gxf2+ 32. Kxf2 dxe3+ 33. Ke1 Qh4+ 34. Ke2 Qf2+ 35. Kd3 Qd2+ 36. Kc4 Re6 37. Qf3+ Ke8 38. Qa8+ Qd8 39. Qxa7 Rc6+ 40. Kb4 Qd6+ 41. Ka4 Ra6+ 42. Qxa6 Qxa6+ 43. Kb4 e2 0-1

[Event "*** Titled Tuesday Blitz"]
[Site "Chess.com"]
[Date "2021.03.09"]
[Round "8"]
[White "AliKa2810"]
[Black "MFBerna"]
[Result "1-0"]
[WhiteElo "2552"]
[BlackElo "2388"]
[TimeControl "180+1"]
[EndTime "11:32:05 PST"]
[Termination "AliKa2810 won by resignation"]

1. c4 c6 2. d4 d5 3. Nf3 Nf6 4. Nc3 e6 5. Bg5 Nbd7 6. e3 Be7 7. Bd3 O-O 8. O-O dxc4 9. Bxc4 b5 10. Bd3 Bb7 11. Rc1 a6 12. Ne4 Nxe4 13. Bxe7 Nxf2 14.
Bxh7+ Kh8 15. Rxf2 Qxe7 16. Be4 Nf6 17. Bxc6 Ng4 18. Re2 Rac8 19. Bxb7 Qxb7 20. h3 Nh6 21. Ne5 Qe4 22. Rxc8 Rxc8 23. Qd3 Qxd3 24. Nxd3 Nf5 25. Nc5 a5 26. g4 Nd6 27. Kg2 Kg8 28. Kf3 Kf8 29.
h4 Ke7 30. h5 Rh8 31. Rc2 Rh6 32. Nb7 Rf6+ 33. Kg2 Nc4 34. Re2 Rh6 35. b3 Nb6 36. Nxa5 Nd5 37. Nc6+ Kd6 38. Ne5 Ke7 39. Kg3 Nc3 40. Rc2 Ne4+ 41. Kf4 f5 42. gxf5 exf5 43. Rc7+ Ke6 44. Rc6+ Nd6 45. Rxd6+ Kxd6 46. Nf7+ Ke6 47. Nxh6 gxh6 48. d5+ Kxd5 49. Kxf5 1-0